 Dungeon Crawl Stone Soup version 0.20-a0-1078-g4874019 (console) character file.

3718 nht the Martial Artist (level 9, -5/64 HPs)
             Began as a Grey Draconian Transmuter on Apr 30, 2017.
             Was a Believer of Nemelex Xobeh.
             Slain by nht's ghost (19 damage)
             ... on level 10 of the Dungeon.
             The game lasted 00:17:50 (6117 turns).

nht the Martial Artist (Grey Draconian Transmuter)  Turns: 6117, Time: 00:17:51

Health: -5/64      AC: 14    Str: 16    XL:     9   Next: 92%
Magic:  12/12      EV: 17    Int: 16    God:    Nemelex Xobeh [**....]
Gold:   455        SH:  0    Dex: 18    Spells: 1/13 levels left

rFire    . . .     SeeInvis .     - Unarmed
rCold    . . .     Gourm    .   (no shield)
rNeg     . . .     Faith    .   (armour unavailable)
rPois    .         Spirit   .   (helmet restricted)
rElec    .         Reflect  .   (no cloak)
rCorr    +         Harm     .   k - +0 pair of gloves
MR       .....                  m - +0 pair of boots
Stlth    +++.......             w - amulet of magic regeneration
Regen    0.2/turn               e - +4 ring of strength
MPRegen  0.2/turn               o - ring of resist corrosion

@: agile, about to teleport
A: walk through water, unfitting armour, unbreathing, cold-blooded, AC +12
a: Renounce Religion


You were on level 10 of the Dungeon.
You worshipped Nemelex Xobeh.
Nemelex Xobeh was pleased with you.
You were not hungry.

You visited 1 branch of the dungeon, and saw 10 of its levels.

You collected 455 gold pieces.

Inventory:

Missiles
 a - 35 arrows
Armour
 k - a +0 pair of gloves (worn)
 m - a +0 pair of boots (worn)
Jewellery
 e - a +4 ring of strength (left hand)
 o - a ring of resist corrosion (right hand)
 w - an amulet of magic regeneration (around neck)
Wands
 p - a wand of enslavement (7/24)
 A - a wand of acid (0/15)
 B - a wand of paralysis (10/24)
Scrolls
 f - 2 scrolls of recharging
 g - 4 scrolls of remove curse
 h - 3 scrolls of enchant weapon
 l - 3 scrolls of identify
 n - 4 scrolls of magic mapping
 z - a scroll of enchant armour
Potions
 i - a potion of brilliance
 q - 2 potions of might
 t - 2 potions of flight
 C - a potion of curing
Books
 b - a book of Changes

   Spells                             Type                      Level
   a - Beastly Appendage              Transmutation                1
   b - Sticks to Snakes               Transmutation                2
   c - Spider Form                    Transmutation/Poison         3
   d - Ice Form                       Ice/Transmutation            4
   e - Blade Hands                    Transmutation                5
 v - the Guide on Orientation and Intoxication
   (You found it on level 8 of the Dungeon)

   Spells                             Type                      Level
   a - Portal Projectile              Hexes/Translocation          3
   b - Spider Form                    Transmutation/Poison         3
   c - Dispersal                      Translocation                6
 D - a book of Conjurations

   Spells                             Type                      Level
   a - Magic Dart                     Conjuration                  1
   b - Searing Ray                    Conjuration                  2
   c - Dazzling Spray                 Conjuration/Hexes            3
   d - Fulminant Prism                Conjuration/Hexes            4
   e - Force Lance                    Conjuration/Translocation    4
   f - Iskenderun's Mystic Blast      Conjuration                  4
Comestibles
 c - 5 bread rations
 d - 3 meat rations
 r - 2 chunks of flesh
 u - a royal jelly


   Skills:
 - Level 1.1 Fighting
 - Level 1.7 Dodging
 * Level 11.8 Unarmed Combat
 - Level 2.5 Spellcasting
 + Level 8.3 Transmutations


You had one spell level left.
You knew the following spells:

 Your Spells              Type           Power        Failure   Level  Hunger
a - Ice Form              Ice/Tmut       ###.....     34%         4    #####..
b - Spider Form           Tmut/Pois      ###.......   11%         3    ###....
c - Blade Hands           Tmut           ####......   19%         5    ######.


Dungeon Overview and Level Annotations

Branches:
Dungeon (10/15)            Temple (0/1) D:5
   Lair: D:8-11         Orc: D:9-12

Altars:
Ashenzari
Cheibriados
Hepliaklqana
Makhleb
Nemelex Xobeh
Yredelemnul

Annotations:
D:10 nht's ghost, journeyman DDMo


Innate Abilities, Weirdness & Mutations

You can walk through water.
Your dull iron-grey scales are very hard. (AC +12)
You cannot fit into any form of body armour.
You can survive without breathing.
You are cold-blooded and may be slowed by cold attacks.


Message History

Press: ? - help, Shift-Dir - straight line, f - hungry ghost, p - yak
Aim: a hungry ghost (chance to defeat MR: 28%)
Okay, then.
You feel agile all of a sudden.
The crimson imp blinks!
Your yak gores the yak!
The hungry ghost closely misses you. The yak barely misses your yak.
Nht's ghost swings its fists at you.
Your yak gores the yak.
Nht's ghost hits you. The hungry ghost misses you.
The yak barely misses your yak. 2 orcs come into view.
Your yak barely misses the yak.
The yak gores your yak. Nht's ghost hits you! The hungry ghost misses you.
Your yak gores something.
Nht's ghost hits you!
* * * LOW HITPOINT WARNING * * *
Something gores your yak.
An orc comes into view. It is wielding a club.
As you read the scroll of teleportation, it crumbles to dust.
You feel strangely unstable.
Your yak gores something.
Nht's ghost hits you!!
You die...
Your body disappears without a glow. .............█ .............███ .....$.<.....>.. ..............█ .....█.....█5██ ███ ████o█Yo█ █o█Y██ ██████o█Y███

█.....@W...█
█......W...█
█..........█
█..........█
█..........█
█..........█
█......(...█
█..........█
█..........█


You could see a hungry ghost, nht's ghost, 3 orcs and a friendly yak.

Vanquished Creatures
  An ugly thing (D:8)
  Joseph (D:8)
  Grinder (D:5)
  A hornet (D:8)
  A hippogriff (D:8)
  Menkaure (D:4)
  2 orc warriors
  A sky beast (D:8)
  A phantom (D:4)
  A necrophage (D:6)
  2 ogres
  Blork the orc (D:5)
  A gnoll sergeant (D:8)
  3 bullfrogs
  6 scorpions
  3 wights (D:8)
  A howler monkey (D:4)
  A centaur zombie (D:6)
  A crimson imp (D:5)
  A jelly (D:8)
  4 orc priests
  A bullfrog skeleton (D:5)
  A quasit (D:8)
  3 hounds
  5 orc wizards
  4 iguanas
  3 worker ants
  A killer bee zombie (D:6)
  A hound skeleton (D:5)
  A howler monkey zombie (D:8)
  2 gnolls (D:8)
  4 adders
  A shadow imp (D:8)
  An ooze (D:6)
  3 adder skeletons
  An adder zombie (D:9)
  3 dart slugs
  3 leopard geckos
  22 orcs
  5 giant cockroaches
  6 goblins
  5 hobgoblins
  10 jackals
  3 quokkas
  14 bats
  3 frilled lizards
  7 kobolds
  5 rats
  A fungus (D:7)
154 creatures vanquished.

Vanquished Creatures (collateral kills)
  A crimson imp (D:10)
  2 orc priests
  2 gnolls (D:8)
  A jackal (D:4)
  A quokka zombie (D:8)
7 creatures vanquished.

Vanquished Creatures (others)
  A yak (D:10)
  An ogre (D:10)
  A bat (D:7)
3 creatures vanquished.

Grand Total: 164 creatures vanquished

Notes
Turn   | Place    | Note
-------+----------+-------------------------------------------
     0 | D:1      | nht the Draconian Transmuter began the quest for the Orb.
     0 | D:1      | Reached XP level 1. HP: 16/16 MP: 3/3
   182 | D:1      | Reached XP level 2. HP: 14/23 MP: 5/5
  1015 | D:2      | Reached XP level 3. HP: 26/28 MP: 6/6
  1149 | D:2      | Reached skill level 4 in Unarmed Combat
  1272 | D:2      | Found a shattered altar of Ashenzari.
  1806 | D:3      | Reached XP level 4. HP: 35/35 MP: 7/7
  2226 | D:4      | Reached skill level 5 in Unarmed Combat
  2226 | D:4      | Reached XP level 5. HP: 35/40 MP: 8/8
  2424 | D:4      | Noticed an ogre
  2447 | D:4      | Learned a level 3 spell: Spider Form
  2465 | D:4      | Killed an ogre
  2465 | D:4      | Reached XP level 6. HP: 47/47 MP: 5/9
  2585 | D:4      | Reached skill level 6 in Unarmed Combat
  2679 | D:4      | Noticed Menkaure
  2690 | D:4      | Killed Menkaure
  2782 | D:4      | Your scales start taking on a dull iron-grey colour.
  2782 | D:4      | Reached XP level 7. HP: 26/52 MP: 7/10
  2782 | D:4      | Gained mutation: You can survive without breathing. [Grey Draconian growth]
  2807 | D:5      | Entered Level 5 of the Dungeon
  2815 | D:5      | Reached skill level 7 in Unarmed Combat
  3146 | D:5      | Noticed Blork the orc
  3155 | D:5      | Killed Blork the orc
  3155 | D:5      | Reached skill level 5 in Transmutations
  3177 | D:5      | Found a hazy altar of Hepliaklqana.
  3178 | D:5      | Found a burning altar of Makhleb.
  3179 | D:5      | Found a basalt altar of Yredelemnul.
  3180 | D:5      | Found a sparkling altar of Nemelex Xobeh.
  3186 | D:5      | Became a worshipper of Nemelex Xobeh the Trickster
  3199 | D:5      | Received a gift from Nemelex Xobeh
  3239 | D:5      | Noticed Grinder
  3241 | D:5      | Paralysed by Grinder for 6 turns
  3271 | D:5      | Killed Grinder
  3271 | D:5      | Reached skill level 8 in Unarmed Combat
  3323 | D:5      | Reached XP level 8. HP: 30/59 MP: 4/11
  3450 | D:5      | Found a staircase to the Ecumenical Temple.
  3676 | D:5      | Learned a level 5 spell: Blade Hands
  3806 | D:6      | Reached skill level 9 in Unarmed Combat
  3949 | D:6      | Found a snail-covered altar of Cheibriados.
  4650 | D:7      | Received a gift from Nemelex Xobeh
  4831 | D:7      | Reached * piety under Nemelex Xobeh
  5068 | D:7      | Learned a level 4 spell: Ice Form
  5101 | D:8      | Noticed a hippogriff
  5116 | D:8      | Killed a hippogriff
  5132 | D:8      | Reached skill level 10 in Unarmed Combat
  5132 | D:8      | Reached XP level 9. HP: 51/64 MP: 10/12
  5178 | D:8      | Identified the Guide on Orientation and Intoxication
  5222 | D:8      | Received a gift from Nemelex Xobeh
  5292 | D:8      | Noticed Joseph
  5301 | D:8      | Killed Joseph
  5386 | D:8      | Noticed a brown ugly thing
  5400 | D:8      | Killed a purple ugly thing
  5400 | D:8      | Reached skill level 11 in Unarmed Combat
  5545 | D:8      | Reached ** piety under Nemelex Xobeh
  5750 | D:8      | Noticed a two-headed ogre
  5762 | D:8      | You fall through a shaft for 2 floors!
  5762 | D:10     | Entered Level 10 of the Dungeon
  6093 | D:9      | You fall through a shaft!
  6094 | D:10     | Noticed nht's ghost (journeyman DDMo)
  6117 | D:10     | Slain by nht's ghost

Vault maps used:
D:1:      minmay_arrival_split_and_join, feat_on_display
D:2:      lemuel_crystal_altar
D:3:      first_bread, minmay_parallelograms, hex_intersection
D:4:      uniq_menkaure
D:5:      chequers_temple_overflow_statue_of_worship,
          minmay_temple_entry_enclosed_plants, serial_glass, glass_columns_a,
          glass_columns_c, uniq_blork_the_orc, uniq_grinder
D:6:      kennysheep_mini
D:7:      old_forge
D:8:      dk_noncrumbling_3, uniq_joseph
D:9:      lemuel_round_altar, gammafunk_temple_overflow_elements,
          corner_web_ring, uniq_maurice, uniq_psyche
D:10:     nicolae_trove_entry_diagonal, uniq_erolcha

Skill      XL: |  1  2  3  4  5  6  7  8  9 |
---------------+----------------------------+-----
Unarmed Combat | 4 5 6 8 10 11 | 11.8
Transmutations | 3 4 5 6 8 |  8.3
Fighting       | |  1.1
Dodging        | |  1.7
Spellcasting   | |  2.5

Action                   |  1- 3 |  4- 6 |  7- 9 || total
-------------------------+-------+-------+-------++-------
Melee: Unarmed           |   143 |   130 |   268 ||   541
       Tailslap          |    18 |     7 |    25 ||    50
       Punch             |     2 |     3 |     7 ||    12
       Kick              |       |     9 |       ||     9
       Headbutt          |       |     1 |       ||     1
 Cast: Beastly Appendage |       |     2 |       ||     2
       Spider Form       |       |     4 |    11 ||    15
       Blade Hands       |       |       |     3 ||     3
       Ice Form          |       |       |     1 ||     1
Evoke: Wand              |       |     1 |    28 ||    29
       Deck              |       |       |    29 ||    29
  Use: Potion            |     1 |     3 |     3 ||     7
       Scroll            |       |       |    18 ||    18
 Stab: Sleeping          |       |     1 |     1 ||     2
       Confused          |       |       |     5 ||     5
       Invisible         |       |       |     4 ||     4
  Eat: Chunk             |     3 |     4 |    19 ||    26
Armor: Skin              |    57 |    36 |    60 ||   153
Dodge: Dodged            |    91 |    84 |   188 ||   363
